 Dungeon Crawl Stone Soup version 0.29-a0-517-gbdf32494f2 (webtiles) character file.

Game seed: 13038515903644049787

70 Spectrina the Slasher (level 4, -1/27 HPs)
             Began as a Deep Elf Monk on May 31, 2022.
             Slain by a kobold
             ... wielding a +0 short sword
              (3 damage)
             ... on level 4 of the Dungeon.
             The game lasted 00:05:00 (718 turns).

Spectrina the Slasher (Deep Elf Monk)                Turns: 718, Time: 00:05:01

Health: -1/27      AC:  3    Str:  8    XL:     4   Next: 4%
Magic:  6/6        EV: 13    Int: 15    God:
Gold:   84         SH:  0    Dex: 19    Spells: 3/3 levels left

rFire   . . .      SeeInvis .   c - +1 dagger (freeze)
rCold   . . .      Faith    .   (no shield)
rNeg    . . .      Spirit   .   p - +0 leather armour
rPois   .          Reflect  .   (no helmet)
rElec   .          Harm     .   (no cloak)
rCorr   .          Rampage  .   (no gloves)
Will    .....                   (no boots)
Stlth   ++........              (no amulet)
HPRegen 0.09/turn               (no ring)
MPRegen 0.10/turn               (no ring)

@: no status effects
A: no striking features
a: no special abilities


You were on level 4 of the Dungeon.
You visited 1 branch of the dungeon, and saw 4 of its levels.

You collected 84 gold pieces.

Inventory:

Hand Weapons
 a - a +0 falchion
 c - a +1 dagger of freezing (weapon)
 j - a +0 dagger of speed
Missiles
 h - 2 boomerangs of dispersal (quivered)
 n - 27 stones
Armour
 b - a +0 robe
 p - a +0 leather armour (worn)
Wands
 o - a wand of paralysis (8)
Scrolls
 d - a scroll of immolation {unknown}
 e - 2 scrolls of identify {unknown}
 f - 2 scrolls of amnesia {unknown}
 i - a scroll of enchant armour {unknown}
 k - a scroll of blinking {unknown}
 m - 3 scrolls of noise {unknown}
 q - a scroll of magic mapping {unknown}
Potions
 g - 2 potions of heal wounds {unknown}
 l - 2 potions of attraction {unknown}
 r - a potion of curing {unknown}


   Skills:
 - Level 2.4 Fighting
 + Level 4.2 Long Blades
 - Level 3.6 Dodging
 + Level 3.3 Stealth


You had 3 spell levels left.
You didn't know any spells.
Your spell library was empty.

Dungeon Overview and Level Annotations

Branches:
Dungeon (4/15)
 Temple: D:4-7

Altars:

Annotations:
D:4 Robin


Message History

Found a scroll labelled DULUAS TEMMAMN.
Found a bubbling cyan potion and a purple potion.
q - a scroll labelled DULUAS TEMMAMN
l - 2 bubbling cyan potions (gained 1)
r - a purple potion An endoplasm and an iguana come into view.
A kobold comes into view. It is wielding a +0 short sword.
Found a green potion.
A kobold comes into view. It is wielding a +0 dagger.
The kobold shouts!
You hear a shout!
Robin and 2 goblins come into view.
The kobold misses you.
You hit the kobold but do no damage. The kobold hits you with a +0 dagger.
You closely miss the kobold. The kobold misses you.
The iguana hisses angrily.
You hit the kobold but do no damage. The kobold closely misses you.
You hit the kobold but do no damage.
Unknown command.
The kobold attacks as you move away! The kobold hits you with a +0 dagger.
A goblin comes into view. It is wielding a +0 club.
The kobold attacks as you move away!
The kobold misses you. 2 goblins come into view.
The kobold attacks as you move away! The kobold closely misses you.
The kobold attacks as you move away! The kobold closely misses you.
A ball python comes into view.
You hit the kobold. You freeze the kobold.
You kill the kobold!
Unknown command.
The kobold throws a stone.
The stone barely misses you.
There is a stone staircase leading down here.
The kobold hits you with a +0 short sword.
You hit the kobold but do no damage. The kobold closely misses you.
You completely miss the kobold. The iguana bites you.
The kobold closely misses you.
You barely miss the kobold. The kobold hits you but does no damage.
The iguana closely misses you.
You barely miss the kobold. The iguana bites you!
* * * LOW HITPOINT WARNING * * *
The kobold hits you with a +0 short sword.
You die...

.#........##...K.....# ..
##...................##
.S#
##.#......#..#.###...#...#
#...........######)...#
#...#....#..# #.....##
.............# ##......#
....).#..#...###.......##
###........[###..K......#
#....##...##..@l..#.###
#...................#
#...#..#...#.#>.#.)##
#..........#.##....#
#..#....#..#..#....##
..)......#...<....#
#......#.##..#.....#
...........##....##
..........####..##


You could see an iguana and a kobold.

Vanquished Creatures
  Ijyb (D:4)
  An adder (D:2)
  A dart slug (D:2)
  An orc (D:3)
  2 bats
  A giant cockroach (D:2)
  4 goblins
  2 jackals (D:2)
  2 quokkas (D:2)
  6 ball pythons
  2 frilled lizards (D:2)
  5 kobolds
28 creatures vanquished.

Notes
Turn   | Place    | Note
-------+----------+-------------------------------------------
     0 | D:1      | Spectrina the Deep Elf Monk began the quest for the Orb.
     0 | D:1      | Reached XP level 1. HP: 13/13 MP: 3/3
   103 | D:2      | Reached skill level 3 in Long Blades
   202 | D:2      | Reached XP level 2. HP: 9/18 MP: 4/4
   441 | D:2      | Reached XP level 3. HP: 11/22 MP: 5/5
   605 | D:4      | Noticed Ijyb
   610 | D:4      | Killed Ijyb
   611 | D:4      | Reached skill level 4 in Long Blades
   611 | D:4      | Reached XP level 4. HP: 12/27 MP: 6/6
   694 | D:4      | Noticed Robin
   718 | D:4      | Slain by a kobold

Illustrated notes

Levels and vault maps discovered:
D:1:      tarquinn_simple_flora_water_a, layout_basic,
          chequers_ecumenical_altar_twisty, eino_curves_03,
          ebering_dispersal_statue_hall, kennysheep_decorative_pillar
D:2:      layout_basic, kennysheep_small_spiral, serial_park_tiny_pond
D:3:      layout_rooms, saegor_snake_ambush, uniq_natasha
D:4:      layout_cave_pools, minmay_temple_entry_butterflies,
          minmay_misc_feat_more_columns, uniq_robin, uniq_ijyb, uniq_grinder,
          uniq_duvessa

Skill      XL: |  1  2  3 |
---------------+----------+-----
Long Blades    | 3 4 |  4.2
Stealth        | 3 |  3.3
Fighting       | |  2.4
Dodging        | |  3.6

Action                   |  1- 3 |  4- 6 || total
-------------------------+-------+-------++-------
Melee: Falchion          |    31 |       ||    31
       Dagger            |    58 |    10 ||    68
Throw: Stone             |     5 |       ||     5
  Use: Potion            |     1 |       ||     1
 Stab: Sleeping          |     6 |       ||     6
       Distracted        |     1 |       ||     1
Armor: Robe              |     7 |       ||     7
       Leather armour    |       |     1 ||     1
Dodge: Dodged            |    64 |    10 ||    74

Table legend: (Time is in decaauts)
 A = Elapsed time spent in this place.
 B = Non-inter-level travel time spent in this place.
 C = Inter-level travel time spent in this place.
 D = Time resting spent in this place.
 E = Time spent auto-exploring this place.
 F = Levels seen in this place.
 G = Mean time per level.
                   A        B        C        D        E       F      G
               +--------+--------+--------+--------+--------+-----+--------+
         Total |    718 |    693 |     25 |      0 |      0 |   4 |  179.5 |
       Dungeon |    718 |    693 |     25 |      0 |      0 |   4 |  179.5 |
               +--------+--------+--------+--------+--------+-----+--------+

Top non-repeatable levels by time:
     D:2: 452 daAuts
     D:3: 141 daAuts
     D:4: 111 daAuts
     D:1: 13 daAuts
